AoeStats
← zamithdaniel

Nomad

508741305Analyzed
2v2 RM · 9d ago on Sep 23, 2026· 25m 17s· 4 players
Game mode
Random Map
Map size
176×176
Population
200
Speed
Normal
Resources
Standard
Victory
Conquest
Starting age
Dark Age
Ending age
Imperial Age
RankedLock teamsTeams togetherTeam positionsShared explorationLock speedFull tech treeHidden civsTurbo modeCheats
Victory
Defeat
🇺🇸 Romans · United States
921
+15
🇧🇪 Persians · Belgium
903
+16
🇨🇴 Celts · Colombia
940
-18
🇨🇴 Wei · Colombia
851
-13
andres simijaca
8:14 Loom
18:28 Feudal Age
20:13 Double-Bit Axe
zamithdaniel
15:11 Feudal Age
16:11 Double-Bit Axe
25:53 Castle Age
24:52 Stone Mining
Severine
5:23 Loom
14:26 Feudal Age
16:53 Wheelbarrow
16:05 Town Watch
16:14 Double-Bit Axe
21:01 Castle Age
20:23 Fletching
21:53 Hand Cart
21:39 Town Patrol
21:40 Bodkin Arrow
24:13 Stone Mining
GodLyCrisCo
3:00 Loom
16:30 Feudal Age
20:58 Castle Age
19:28 Bloodlines
19:30 Forging
20:06 Scale Barding Armor
25:29 Iron Casting
Connection lost

Rejoining the realm…

Still unreachable

The connection could not be restored.

Session expired

The server has moved on; the page needs a fresh start.